 Dungeon Crawl Stone Soup version 0.29.1-15-g9cfb28693d (webtiles) character file.

Game seed: 16954625454586438291

16 Ayazi56 the Ducker (level 2, 0/14 HPs)
             Began as a Felid Monk on Apr 11, 2023.
             Slain by a goblin
             ... wielding a +0 dagger
             ... led by Robin
              (1 damage)
             ... on level 2 of the Dungeon.
             The game lasted 00:04:19 (307 turns).

Ayazi56 the Ducker (Felid Monk)                      Turns: 307, Time: 00:04:20

Health: 0/14       AC:  1    Str:  7    XL:     2   Next: 41%
Magic:  3/3        EV: 19    Int: 11    God:
Gold:   13         SH:  0    Dex: 18    Spells: 1/1 levels left
                                        Lives:  0   Deaths: 0

rFire   . . .      SeeInvis +     - Unarmed
rCold   . . .      Faith    .   (shield unavailable)
rNeg    . . .      Spirit   .   (body armour unavailable)
rPois   .          Reflect  .   (helmet unavailable)
rElec   .          Harm     .   (cloak unavailable)
rCorr   .          Rampage  .   (gloves unavailable)
Will    .....                   (boots unavailable)
Stlth   ++........              (no amulet)
HPRegen 0.04/turn               (no ring)
MPRegen 0.08/turn               (no ring)

@: quick
A: very small, claws 1, fangs 3, see invisible, speed 1, shaggy fur 1, stealthy
paws, no weapons or thrown items, no armour, multi-lived
a: no special abilities


You were on level 2 of the Dungeon.
You visited 1 branch of the dungeon, and saw 2 of its levels.

You collected 13 gold pieces.

Inventory:

Scrolls
 c - a scroll of teleportation {unknown}
Potions
 b - a potion of mutation {unknown}


   Skills:
 + Level 3.2 Fighting
 + Level 4.3 Dodging
 + Level 2.9 Stealth
 + Level 3.3 Unarmed Combat


You had one spell level left.
You didn't know any spells.
Your spell library was empty.

Dungeon Overview and Level Annotations

Branches:
Dungeon (2/15)

Altars:

Annotations:
D:2 Robin


Innate Abilities, Weirdness & Mutations

You have sharp claws.
You have razor-sharp teeth.
You have supernaturally acute eyesight. (SInv)
You cover ground quickly. (Speed+)
You are covered in fur. (AC +1)
Your paws help you pounce on unaware monsters.
You are incapable of wielding weapons or throwing items.
You cannot wear armour.
You gain extra lives every three experience levels.


Message History

You scratch the goblin but do no damage.
The goblin closely misses you.
You scratch the goblin but do no damage.
You claw the goblin!
You kill the goblin!
The goblin closely misses you.
The goblin hits you with a +0 dagger of speed.
You closely miss the goblin. The goblin hits you with a +0 dagger.
A hobgoblin comes into view.
A goblin comes into view. It is wielding a +0 dagger.
The goblin barely misses you. The goblin completely misses you.
Robin roars a battlecry!
The goblins go into a battle-frenzy!
The goblin misses you. The goblin misses you. The goblin completely misses you.
You scratch the goblin.
You kill the goblin!
The goblin misses you.
A goblin comes into view. It is wielding a +0 dagger.
Robin throws the goblin at you!
* * * LOW HITPOINT WARNING * * *
The goblin hits you with a +0 dagger.
* * * LOW HITPOINT WARNING * * *
You scratch the goblin.
You kill the goblin!
The goblin barely misses you.
You scratch the goblin.
You kill the goblin!
The goblin misses you.
A goblin comes into view. It is wielding a +0 dagger.
Robin roars a battlecry!
The goblins go into a battle-frenzy!
The hobgoblin completely misses you.
You drop a potion of ambrosia.
The goblin completely misses you.
A goblin comes into view. It is wielding a +0 club.
Robin throws the goblin at you!
You barely miss the hobgoblin. You bite the hobgoblin.
The hobgoblin is moderately wounded.
The goblin barely misses you. The goblin hits you with a +0 dagger.
You die...

#........#
.###.##....#######
........g.<.......
####.##g.######..#
#.g######.
#.gg......
#.###g#######
#(..gg#######
#.###@g......
#########


You could see Robin, 2 hobgoblins and 6 goblins.

Vanquished Creatures
  2 ball pythons (D:1)
  An endoplasm (D:1)
  A giant cockroach (D:1)
  7 goblins
  A hobgoblin (D:1)
  2 kobolds (D:1)
14 creatures vanquished.

Notes
Turn   | Place    | Note
-------+----------+-------------------------------------------
     0 | D:1      | Ayazi56 the Felid Monk began the quest for the Orb.
     0 | D:1      | Reached XP level 1. HP: 10/10 MP: 2/2
   174 | D:1      | Reached XP level 2. HP: 14/14 MP: 3/3
   287 | D:2      | Noticed Robin
   307 | D:2      | Slain by a goblin

Illustrated notes

Levels and vault maps discovered:
D:1:      nicolae_arrival_washed_ashore, layout_rooms
D:2:      layout_basic, basic_altar, serial_forest,
          infiniplex_forest_straight_3, infiniplex_forest_corner_1,
          infiniplex_forest_diagonal, infiniplex_forest_clump_curved,
          infiniplex_forest_lined_2, infiniplex_forest_diagonal,
          chequers_decorated_corner, kennysheep_small_spiral, uniq_terence,
          uniq_robin

Action                   || total
-------------------------++-------
Melee: Unarmed           ||    29
       Bite              ||     1
  Use: Scroll            ||     2
 Stab: Sleeping          ||     2
Armor: Skin              ||     2
Dodge: Dodged            ||    31
